 Dungeon Crawl Stone Soup version 0.30.0 (webtiles) character file.

Game seed: 13374841778039646452

317 AFUTANJOYER the Shield-Bearer (level 6, -1/53 HPs)
             Began as a Gnoll Fighter on May 9, 2023.
             Blown up by Pikel (11 damage)
             ... with a mindburst bolt
             ... on level 4 of the Dungeon.
             The game lasted 00:11:24 (2398 turns).

AFUTANJOYER the Shield-Bearer (Gnoll Fighter)       Turns: 2398, Time: 00:11:24

Health: -1/53      AC: 10    Str: 17    XL:     6   Next: 45%
Magic:  9/9        EV: 10    Int:  7    God:
Gold:   315        SH:  5    Dex: 12    Spells: 9/9 levels left

rFire   . . .        a - +0 war axe
rCold   . . .        c - +0 buckler
rNeg    . . .        b - +0 scale mail
rPois   .            (no helmet)
rElec   .            (no cloak)
rCorr   +            v - +0 pair of gloves
SInv    .            t - +0 pair of boots
Will    .....        y - amulet of the acrobat
Stlth   +            o - ring of wizardry
HPRegen 0.28/turn    x - ring of resist corrosion
MPRegen 0.11/turn

%: acrobat, wizardry (x1)
@: no status effects
A: fangs 1, strong nose, distributed training
a: no special abilities


You were on level 4 of the Dungeon.
You visited 1 branch of the dungeon, and saw 4 of its levels.

You collected 315 gold pieces.

Inventory:

Hand Weapons
 a - a +0 war axe (weapon)
Armour
 b - a +0 scale mail (worn)
 c - a +0 buckler (worn)
 t - a +0 pair of boots (worn)
 v - a +0 pair of gloves (worn)
 z - the +0 robe "Gamyl" {Int+5}
   (You found it on level 4 of the Dungeon)

   Int:       It affects your intelligence (+5).
Jewellery
 k - an amulet of guardian spirit
 o - a ring of wizardry (left hand)
 x - a ring of resist corrosion (right hand)
 y - an amulet of the acrobat (around neck)
Wands
 u - a wand of flame (11) (quivered)
 w - a wand of roots (6)
Scrolls
 e - a scroll of amnesia {unknown}
 f - 3 scrolls of teleportation {unknown}
 g - a scroll of acquirement {unknown}
 h - 8 scrolls of identify {unknown}
 j - 2 scrolls of magic mapping {unknown}
 s - a scroll of brand weapon {unknown}
Potions
 d - a potion of might
 i - 2 potions of magic {unknown}
 l - 4 potions of heal wounds {unknown}
 m - a potion of haste {unknown}
 n - 2 potions of curing {unknown}
 p - 2 potions of lignification {unknown}
 q - a potion of brilliance {unknown}
 r - a potion of flight {unknown}


   Skills:
 + Level 6.8 Fighting
 + Level 2.0 Short Blades
 + Level 2.0 Long Blades
 + Level 5.0 Axes
 + Level 2.0 Maces & Flails
 + Level 2.0 Polearms
 + Level 2.0 Staves
 + Level 2.0 Ranged Weapons
 + Level 2.0 Throwing
 + Level 6.8 Armour
 + Level 2.0 Dodging
 + Level 2.0 Stealth
 + Level 6.8 Shields
 + Level 2.0 Unarmed Combat
 + Level 2.0 Spellcasting
 + Level 1.6 Conjurations
 + Level 1.6 Hexes
 + Level 1.6 Summonings
 + Level 1.6 Necromancy
 + Level 1.6 Translocations
 + Level 1.6 Transmutations
 + Level 1.6 Fire Magic
 + Level 1.6 Ice Magic
 + Level 1.6 Air Magic
 + Level 1.6 Earth Magic
 + Level 1.6 Poison Magic
 + Level 2.2 Invocations
 + Level 2.0 Evocations


You had 9 spell levels left.
You didn't know any spells.
Your spell library contained the following spells:

 Spells                   Type           Power      Damage    Failure   Level
 Cigotuvi's Dreadful Rot  Necr/Pois/Air  6%         N/A       38%         2
 Sublimation of Blood     Necr           3%         N/A       38%         2
 Wereblood                Tmut           3%         N/A       38%         2
 Vhi's Electric Charge    Tloc/Air       6%         N/A       61%         3
 Dispel Undead            Necr           3%         3d7       94%         4
 Arcjolt                  Conj/Air       1%         1d11      100%        5
 Death Channel            Necr           1%         N/A       100%        6
 Summon Hydra             Summ           1%         N/A       100%        7
 Maxwell's Capacitive Co  Air            1%         ∞         100%        8


Dungeon Overview and Level Annotations

Branches:
Dungeon (4/15)
 Temple: D:4-7

Altars:
Gozag

Shops:
D:2 [

Annotations:
D:4 Pikel


Innate Abilities, Weirdness & Mutations

You have very sharp teeth.
Your uncanny sense of smell can sniff out nearby items.
Your experience applies equally to all skills.


Message History

Pikel is moderately wounded.
You hit Pikel but do no damage.
Pikel is moderately wounded.
Pikel hits you but does no damage.
You hit Pikel.
Pikel is moderately wounded.
Pikel hits you but does no damage.
You closely miss Pikel. You bite Pikel, but do no damage.
Pikel is moderately wounded.
Pikel hits you but does no damage.
You are electrocuted!
Pikel zaps a wand.
You barely resist. You hit Pikel but do no damage.
Pikel is moderately wounded.
Pikel zaps a wand.
Your mind is blasted!
You hit Pikel.
Pikel is moderately wounded.
Pikel hits you with a +1 whip of electrocution.
You are electrocuted!
You are too injured to fight recklessly!
You are too injured to fight recklessly!
You are too injured to fight recklessly!
You are too injured to fight recklessly!
Cleave: a) +0 war axe
Press: ? - help, Dir - move target, f - Pikel
Aim: Pikel, wielding a +1 whip of electrocution, wearing a +0 robe of cold resistance and carrying a wand of mindburst (4) (moderately wounded, about 47% to evade your +0 war axe)
You barely miss Pikel.
Pikel is moderately wounded.
Pikel hits you with a +1 whip of electrocution.
* * * LOW HITPOINT WARNING * * *
Pikel hits you with a +1 whip of electrocution.
* * * LOW HITPOINT WARNING * * *
Aiming: Fastroot
Press: ? - help, Shift-Dir - straight line, f/p - Pikel
Aim: Pikel, wielding a +1 whip of electrocution, wearing a +0 robe of cold resistance and carrying a wand of mindburst (4) (moderately wounded)
The roots erupt in riotous growth!
Roots grab Pikel.
Roots grab the lemure. x2
The grasping roots constrict Pikel.
The grasping roots constrict the lemure. x2
Pikel zaps a wand.
Your mind is blasted!
You die...

## #. #. #. #. #.
####################.
######55K@................
#......5#################.
#.......# ## #.......#
#### #......5# ...#
#.......##...#...
.............K5..
##..#####.....5..∆ #>.#
#......##


You could see Pikel (rooted) and 3 lemures.

Vanquished Creatures
  An ogre (D:4)
  A phantom (D:4)
  Natasha (thrice) (D:2)
  3 adders
  An ufetubus (D:4)
  4 orcs
  3 ball pythons
  3 endoplasms
  3 giant cockroaches
  4 goblins
  6 hobgoblins
  2 jackals (D:1)
  5 quokkas
  5 bats
  5 frilled lizards
  5 kobolds
  4 rats
58 creatures vanquished.

Notes
Turn   | Place    | Note
-------+----------+-------------------------------------------
     0 | D:1      | AFUTANJOYER the Gnoll Fighter began the quest for the Orb.
     0 | D:1      | Reached XP level 1. HP: 23/23 MP: 1/1
   150 | D:1      | Reached XP level 2. HP: 27/29 MP: 2/2
   647 | D:1      | Found a faded altar of an unknown god.
   879 | D:2      | Noticed Natasha
   885 | D:2      | Killed Natasha
   886 | D:2      | Reached skill level 1 in Invocations
   886 | D:2      | Reached XP level 3. HP: 33/35 MP: 2/4
   888 | D:2      | Reached skill level 1 in Short Blades
   888 | D:2      | Reached skill level 1 in Long Blades
   888 | D:2      | Reached skill level 1 in Maces & Flails
   888 | D:2      | Reached skill level 1 in Polearms
   888 | D:2      | Reached skill level 1 in Staves
   888 | D:2      | Reached skill level 1 in Ranged Weapons
   888 | D:2      | Reached skill level 1 in Throwing
   888 | D:2      | Reached skill level 1 in Dodging
   888 | D:2      | Reached skill level 1 in Stealth
   888 | D:2      | Reached skill level 1 in Unarmed Combat
   888 | D:2      | Reached skill level 1 in Spellcasting
   888 | D:2      | Reached skill level 1 in Evocations
   954 | D:2      | Reached XP level 4. HP: 31/41 MP: 5/5
  1070 | D:2      | Found Ginwor's Armour Emporium.
  1354 | D:2      | Noticed Natasha
  1365 | D:2      | Killed Natasha
  1366 | D:2      | Reached skill level 1 in Conjurations
  1366 | D:2      | Reached skill level 1 in Hexes
  1366 | D:2      | Reached skill level 1 in Summonings
  1366 | D:2      | Reached skill level 1 in Necromancy
  1366 | D:2      | Reached skill level 1 in Translocations
  1366 | D:2      | Reached skill level 1 in Transmutations
  1366 | D:2      | Reached skill level 1 in Fire Magic
  1366 | D:2      | Reached skill level 1 in Ice Magic
  1366 | D:2      | Reached skill level 1 in Air Magic
  1366 | D:2      | Reached skill level 1 in Earth Magic
  1366 | D:2      | Reached skill level 1 in Poison Magic
  1463 | D:2      | Noticed Natasha
  1470 | D:2      | Killed Natasha
  1471 | D:2      | Reached XP level 5. HP: 34/47 MP: 4/7
  1884 | D:3      | Found an opulent altar of Gozag.
  2213 | D:4      | Noticed an ogre
  2223 | D:4      | Killed an ogre
  2224 | D:4      | Reached XP level 6. HP: 53/53 MP: 8/8
  2326 | D:4      | Reached skill level 5 in Axes
  2330 | D:4      | Identified the +0 robe "Gamyl" {Int+5}
  2378 | D:4      | Noticed Pikel
  2398 | D:4      | Blown up by Pikel

Illustrated notes

Levels and vault maps discovered:
D:1:      minmay_arrival_arboretum_small, layout_basic,
          shapermc_ecumenical_altar_totnotflames,
          nicolae_kite_square_tiling_tiny
D:2:      layout_basic, serial_shops, nicolae_shop_stone, uniq_natasha
D:3:      layout_loops_ring, grunt_gozag_breadcrumbs
D:4:      layout_basic, grunt_temple_overflow_holy_war,
          minmay_fractal_squares_gapless_5, uniq_pikel

Skill      XL: |  1  2  3  4  5  6 |
---------------+-------------------+-----
Invocations    | 1 2 |  2.2
Short Blades   | 1 2 |  2.0
Long Blades    | 1 2 |  2.0
Maces & Flails | 1 2 |  2.0
Polearms       | 1 2 |  2.0
Staves         | 1 2 |  2.0
Ranged Weapons | 1 2 |  2.0
Throwing       | 1 2 |  2.0
Dodging        | 1 2 |  2.0
Stealth        | 1 2 |  2.0
Unarmed Combat | 1 2 |  2.0
Spellcasting   | 1 2 |  2.0
Evocations     | 1 2 |  2.0
Conjurations   | 1 |  1.6
Hexes          | 1 |  1.6
Summonings     | 1 |  1.6
Necromancy     | 1 |  1.6
Translocations | 1 |  1.6
Transmutations | 1 |  1.6
Fire Magic     | 1 |  1.6
Ice Magic      | 1 |  1.6
Air Magic      | 1 |  1.6
Earth Magic    | 1 |  1.6
Poison Magic   | 1 |  1.6
Axes           | 5 |  5.0
Fighting       | |  6.8
Armour         | |  6.8
Shields        | |  6.8

Action                     |  1- 3 |  4- 6 || total
---------------------------+-------+-------++-------
  Melee: War axe           |    76 |    97 ||   173
         Bite              |     2 |     9 ||    11
  Evoke: Wand              |       |     5 ||     5
 Armour: Scale mail        |    29 |    49 ||    78
  Dodge: Dodged            |    33 |    34 ||    67
  Block: Buckler           |    17 |    19 ||    36
